 Dungeon Crawl Stone Soup version 0.23.2-1-ga50397a6bc (webtiles) character file.

Game seed: 910500094621737024

58 Menchi the Shield-Bearer (level 4, -2/41 HPs)
             Began as a Gnoll Fighter on May 2, 2019.
             Slain by Sigmund
             ... wielding a +1 scythe of slicing
              (10 damage)
             ... on level 2 of the Dungeon.
             The game lasted 00:02:23 (755 turns).

Menchi the Shield-Bearer (Gnoll Fighter)             Turns: 755, Time: 00:02:24

Health: -2/41      AC:  9    Str: 23    XL:     4   Next: 1%
Magic:  5/5        EV:  8    Int: 11    God:
Gold:   38         SH: 11    Dex: 15    Spells: 5/5 levels left

rFire    . . .     SeeInvis .   j - +6 whip
rCold    . . .     Gourm    .   c - +0 shield
rNeg     . . .     Faith    .   b - +0 scale mail
rPois    .         Spirit   .   l - +0 helmet
rElec    .         Reflect  .   (no cloak)
rCorr    .         Harm     .   (no gloves)
MR       .....                  (no boots)
Stlth    ..........             (no amulet)
HPRegen  0.13/turn              (no ring)
MPRegen  0.09/turn              (no ring)

@: mighty
A: distributed training, fangs 1, strong nose
a: no special abilities


You were on level 2 of the Dungeon.
You were not hungry.

You visited 1 branch of the dungeon, and saw 2 of its levels.

You collected 38 gold pieces.

Inventory:

Hand Weapons
 a - a +0 long sword
 j - a +6 whip (weapon)
Armour
 b - a +0 scale mail (worn)
 c - a +0 shield (worn)
 l - a +0 helmet (worn)
Scrolls
 i - 2 scrolls of remove curse {unknown}
 m - 2 scrolls of identify {unknown}
 n - a scroll of teleportation {unknown}
 o - 3 scrolls of random uselessness {unknown}
Potions
 e - a potion of curing {unknown}
 h - a potion of heal wounds {unknown}
 k - a potion of invisibility {unknown}
 p - a potion of mutation {unknown}
Comestibles
 f - a ration


   Skills:
 + Level 6.5 Fighting
 + Level 1.0 Short Blades
 + Level 4.6 Long Blades
 + Level 1.0 Axes
 + Level 1.0 Maces & Flails
 + Level 1.0 Polearms
 + Level 1.0 Staves
 + Level 1.0 Slings
 + Level 1.0 Bows
 + Level 1.0 Crossbows
 + Level 1.0 Throwing
 + Level 6.5 Armour
 + Level 1.0 Dodging
 + Level 1.0 Stealth
 + Level 6.5 Shields
 + Level 1.0 Unarmed Combat
 + Level 1.0 Spellcasting
 + Level 0.7 Conjurations
 + Level 0.7 Hexes
 + Level 0.7 Charms
 + Level 0.7 Summonings
 + Level 0.7 Necromancy
 + Level 0.7 Translocations
 + Level 0.7 Transmutations
 + Level 0.7 Fire Magic
 + Level 0.7 Ice Magic
 + Level 0.7 Air Magic
 + Level 0.7 Earth Magic
 + Level 0.7 Poison Magic
 + Level 1.0 Invocations
 + Level 1.0 Evocations


You had 5 spell levels left.
You didn't know any spells.
Your spell library was empty.

Dungeon Overview and Level Annotations

Branches:
Dungeon (2/15)

Altars:

Annotations:
D:2 Sigmund


Innate Abilities, Weirdness & Mutations

Your experience applies equally to all skills.
You have very sharp teeth.
Your uncanny sense of smell can sniff out nearby items.


Message History

You hear some strange, mumbled words.
A puff of flame appears from out of thin air!
The puff of flame hits you.
You miss something. Something hits you but does no damage.
You're too confused to move!
You hear some strange, mumbled words.
Something tries to affect you, but you resist.
You feel less confused. Something hits you but does no damage.
Items here: ( )) † a +0 dagger; a +0 hunting sling; 10 stones; a goblin corpse Something hits you!
* * * LOW HITPOINT WARNING * * *
You closely miss something. Something hits you.
* * * LOW HITPOINT WARNING * * *
x2 You closely miss something.
You barely miss something. Something hits you but does no damage.
You feel very mighty all of a sudden. Something hits you!
You die...

#. #< # #.
##.###.#######
.............
......#.##.#
.......<(..#
.###.#####)#
#@# #.# #.#
#.# ..# ###


There were no monsters in sight!

Vanquished Creatures
  2 oozes (D:1)
  3 dart slugs (D:1)
  2 giant cockroaches (D:1)
  A hobgoblin (D:1)
  4 jackals (D:1)
  3 bats (D:1)
  3 frilled lizards (D:1)
  7 goblins
  11 kobolds (D:1)
  7 rats (D:1)
43 creatures vanquished.

Notes
Turn   | Place    | Note
-------+----------+-------------------------------------------
     0 | D:1      | Menchi the Gnoll Fighter began the quest for the Orb.
     0 | D:1      | Reached XP level 1. HP: 23/23 MP: 1/1
    41 | D:1      | Reached XP level 2. HP: 27/29 MP: 2/2
   248 | D:1      | Reached XP level 3. HP: 33/35 MP: 3/3
   331 | D:1      | Reached skill level 1 in Invocations
   452 | D:1      | Reached skill level 1 in Short Blades
   452 | D:1      | Reached skill level 1 in Axes
   452 | D:1      | Reached skill level 1 in Maces & Flails
   452 | D:1      | Reached skill level 1 in Polearms
   452 | D:1      | Reached skill level 1 in Staves
   452 | D:1      | Reached skill level 1 in Slings
   452 | D:1      | Reached skill level 1 in Bows
   452 | D:1      | Reached skill level 1 in Crossbows
   452 | D:1      | Reached skill level 1 in Throwing
   452 | D:1      | Reached skill level 1 in Dodging
   452 | D:1      | Reached skill level 1 in Stealth
   452 | D:1      | Reached skill level 1 in Unarmed Combat
   452 | D:1      | Reached skill level 1 in Spellcasting
   452 | D:1      | Reached skill level 1 in Evocations
   725 | D:2      | Noticed Sigmund
   741 | D:2      | Reached XP level 4. HP: 41/41 MP: 5/5
   755 | D:2      | Slain by Sigmund

Skill      XL: |  1  2  3 |
---------------+----------+-----
Invocations    | 1 |  1.0
Short Blades   | 1 |  1.0
Axes           | 1 |  1.0
Maces & Flails | 1 |  1.0
Polearms       | 1 |  1.0
Staves         | 1 |  1.0
Slings         | 1 |  1.0
Bows           | 1 |  1.0
Crossbows      | 1 |  1.0
Throwing       | 1 |  1.0
Dodging        | 1 |  1.0
Stealth        | 1 |  1.0
Unarmed Combat | 1 |  1.0
Spellcasting   | 1 |  1.0
Evocations     | 1 |  1.0
Fighting       | |  6.5
Long Blades    | |  4.6
Armour         | |  6.5
Shields        | |  6.5
Conjurations   | |  0.7
Hexes          | |  0.7
Charms         | |  0.7
Summonings     | |  0.7
Necromancy     | |  0.7
Translocations | |  0.7
Transmutations | |  0.7
Fire Magic     | |  0.7
Ice Magic      | |  0.7
Air Magic      | |  0.7
Earth Magic    | |  0.7
Poison Magic   | |  0.7

Action                   |  1- 3 |  4- 6 || total
-------------------------+-------+-------++-------
Melee: Long sword        |    45 |       ||    45
       Bite              |    14 |       ||    14
       Whip              |    48 |     5 ||    53
  Use: Potion            |       |     1 ||     1
Armor: Scale mail        |    37 |     3 ||    40
Dodge: Dodged            |    20 |       ||    20
Block: Shield            |    65 |       ||    65
       Rpst.: Long sword |     2 |       ||     2
